 Dungeon Crawl Stone Soup version 0.17-a0-1984-g55f5988 (webtiles) character file.

78 Lysie the Sneak (level 4, 0/21 HPs)
             Began as a Vine Stalker Enchanter on Oct 6, 2015.
             Slain by an adder (3 damage)
             ... on level 3 of the Dungeon.
             The game lasted 00:06:20 (1863 turns).

Lysie the Sneak (Vine Stalker Enchanter)            Turns: 1863, Time: 00:06:21

Health: 0/21       AC:  3    Str: 10    XL:     4   Next: 36%
Magic:  0/8        EV: 13    Int: 15    God:
Gold:   115        SH:  0    Dex: 16    Spells: 2 memorised, 4 levels left

rFire  . . .     SeeInvis .     a - +1 dagger
rCold  . . .     Clarity  .     p - +0 leather armour (curse)
rNeg   . . .     SustAt   .     (no shield)
rPois  .         Gourm    .     (no helmet)
rElec  .         Spirit   +     (no cloak)
rCorr  .         Warding  .     (no gloves)
rMut   .         Stasis   .     (no boots)
MR     .....                    (no amulet)
Stlth  ++........               (no ring)
                                (no ring)

@: lethally poisoned (0 -> -3), very slightly contaminated, not resistant to
hostile enchantments, unstealthy
A: fangs 2, regeneration 1, magic shield, antimagic bite, no device heal 3, rot
immunity
a: no special abilities


You were on level 3 of the Dungeon.
You were not hungry.

You visited 1 branch of the dungeon, and saw 3 of its levels.

You collected 115 gold pieces.

Inventory:

Hand Weapons
 a - a +1 dagger (weapon)
Armour
 b - a +1 robe
 g - a +0 leather armour of poison resistance
 p - a cursed +0 leather armour (worn)
Jewellery
 e - a +4 ring of protection
Scrolls
 i - 2 scrolls of teleportation {unknown}
 n - 3 scrolls of enchant armour {unknown}
 o - a scroll of identify
 q - a scroll of enchant weapon {unknown}
Potions
 f - 3 potions of curing
 h - a potion of agility {unknown}
 j - a potion of flight {unknown}
 k - a potion of haste {unknown}
 l - a potion of cure mutation {unknown}
 m - 2 potions of heal wounds {unknown}
 s - 2 potions of magic {unknown}
Books
 c - a book of Maledictions

   Spells                             Type                      Level
   a - Corona                         Hexes                        1
   b - Ensorcelled Hibernation        Hexes/Ice                    2
   c - Confuse                        Hexes                        3
   d - Tukima's Dance                 Hexes                        3
   e - Dazzling Spray                 Conjuration/Hexes            3
Comestibles
 d - 3 bread rations
 r - a meat ration


   Skills:
 * Level 2.2 Short Blades
 + Level 2.9 Dodging
 - Level 3.6 Stealth
 - Level 2.1 Spellcasting
 - Level 3.1 Hexes


You had 4 spell levels left.
You knew the following spells:

 Your Spells              Type           Power        Failure   Level  Hunger
a - Corona                Hex            ##.....      10%         1    #......
b - Ensorcelled Hibernat  Hex/Ice        #.....       24%         2    ###....


Dungeon Overview and Level Annotations

Branches:
Dungeon (3/15)

Altars:


Innate Abilities, Weirdness & Mutations

You have extremely sharp teeth.
Your natural rate of healing is unusually fast.
When hurt, damage is shared between your health and your magic reserves.
Your bite disrupts and absorbs the magic of your enemies.
Potions and wands cannot restore your health.
You are immune to rotting.


Message History

You barely miss the adder. Your bite misses the adder.
The adder is moderately wounded.
You feel sick. The adder barely misses you.
You hit the adder. Your bite misses the adder.
The adder is moderately wounded.
You feel sick. The adder bites you.
You barely miss the adder.
The adder is moderately wounded.
The adder closely misses you.
You barely miss the adder. You bite the adder, but do no damage.
The adder is moderately wounded.
You feel sick. The adder bites you.
* * * LOW HITPOINT WARNING * * *
You completely miss the adder.
The adder is moderately wounded.
* * * LOW HITPOINT WARNING * * *
You feel sick. The adder bites you.
* * * LOW HITPOINT WARNING * * *
The adder bites you.
You die...

...#... #.. .......
..#...####### .......
......+......
.#.....#####.....##.....
........... ......(.....
#......####.#.........
#........##.#.........
####...S...##.###...###.
#....(.@...#........###.
#..........#..........##
#......#####..........#
##......## #..........#
......†..# #..........#
.........## ##...#.....#
...#####..# #...#######
... ##.## #...#
...######..# #.###


You could see an adder.

Vanquished Creatures
  2 adders
  2 oozes
  2 worms
  2 giant geckos
  2 orcs (D:3)
  8 bats
  3 giant cockroaches
  5 hobgoblins
  5 jackals (D:3)
  3 giant newts
  4 goblins
  A kobold (D:1)
  6 rats
45 creatures vanquished.

Notes
Turn   | Place    | Note
--------------------------------------------------------------
     0 | D:1      | Lysie the Vine Stalker Enchanter began the quest for the Orb.
     0 | D:1      | Reached XP level 1. HP: 9/9 MP: 4/4
   111 | D:1      | Reached skill level 1 in Short Blades
   298 | D:1      | Reached XP level 2. HP: 13/13 MP: 6/6
   528 | D:1      | Learned a level 2 spell: Ensorcelled Hibernation
   572 | D:1      | Reached XP level 3. HP: 16/16 MP: 3/7
  1486 | D:3      | Reached XP level 4. HP: 21/21 MP: 8/8
  1863 | D:3      | Slain by an adder

Vault maps used:
D:1:      dpeg_arrival_arbitrary_c
D:2:      minivault_25, roderic_malta_cross
D:3:      minmay_door_path, first_bread, minmay_misc_feat_enclosed

Action                   |  1- 3 |  4- 6 || total
-------------------------+-------+-------++-------
Melee: Dagger            |   107 |    38 ||   145
 Cast: Ensorcelled Hiber |     3 |     2 ||     5
       Corona            |     2 |       ||     2
  Use: Scroll            |     3 |       ||     3
 Stab: Sleeping          |    12 |     2 ||    14
       Distracted        |     1 |       ||     1
  Eat: Meat ration       |     1 |       ||     1
